 Dungeon Crawl Stone Soup version 0.30-a0-140-gd1020e658a (webtiles) character file.

Game seed: 13469684056252009121

1533 KennySheep the Covert (level 8, 0/105 HPs)
             Began as a Naga Earth Elementalist on Sept 24, 2022.
             Was a Believer of Trog.
             Slain by a vampire mosquito (7 damage)
             ... on level 9 of the Dungeon.
             The game lasted 00:25:35 (7804 turns).

KennySheep the Covert (Naga Earth Elementalist)     Turns: 7804, Time: 00:25:36

Health: 0/105      AC: 11    Str: 12    XL:     8   Next: 85%
Magic:  0/11       EV:  7    Int: 15    God:    Trog [**....]
Gold:   148        SH:  0    Dex: 13    Spells: 10/11 levels left

rFire   + . .      SeeInvis +    f - +1 long sword
rCold   + . .      Faith    .    (no shield)
rNeg    . . .      Spirit   +    D - +4 scale mail {rC+}
rPois   +          Reflect  .    (no helmet)
rElec   .          Harm     .    v - +0 cloak
rCorr   .          Rampage  .    (no gloves)
Will    +....                    (no barding)
Stlth   ..........               n - amulet of guardian spirit
HPRegen 0.27/turn                k - ring of protection from fire
MPRegen 0.12/turn                (no ring)

@: berserking, quick
A: AC +2, large, see invisible, deformed body, poison resistance, slowness 2,
spit poison 1, naga tail 1
a: Spit Poison, Renounce Religion, Berserk, Trog's Hand


You were on level 9 of the Dungeon.
You worshipped Trog.
Trog was pleased with you.
You visited 2 branches of the dungeon, and saw 11 of its levels.

You collected 458 gold pieces.
You spent 310 gold pieces at shops.

Inventory:

Hand Weapons
 f - a +1 long sword (weapon)
 j - a +0 whip
 m - a +0 short sword
Missiles
 e - 5 javelins
Armour
 a - a +0 robe
 r - a +0 ring mail
 v - a +0 cloak (worn)
 D - a +4 scale mail of cold resistance (worn)
Jewellery
 k - a ring of protection from fire (left hand)
 n - an amulet of guardian spirit (around neck)
 q - an amulet of regeneration
 w - an amulet of magic regeneration
 C - a +6 ring of intelligence
Wands
 t - a wand of charming (10)
 x - a wand of acid (13)
 y - a wand of flame (19)
Scrolls
 g - a scroll of magic mapping
 h - a scroll of fog
 l - 4 scrolls of poison
 A - 2 scrolls of teleportation
 F - a scroll of noise {unknown}
 G - 2 scrolls of identify
Potions
 b - a potion of magic
 d - a potion of invisibility
 i - 2 potions of ambrosia {unknown}
 o - 2 potions of flight
 p - 2 potions of heal wounds
 s - a potion of degeneration {unknown}
 u - 9 potions of curing
 z - a potion of mutation {unknown}
 B - a potion of brilliance {unknown}
 E - a potion of berserk rage {unknown}


   Skills:
 + Level 3.6 Fighting
 - Level 2.0(3.1) Short Blades
 * Level 3.6(3.9) Long Blades
 + Level 2.8 Throwing
 + Level 3.1 Armour
 + Level 3.5 Dodging
 * Level 9.2 Stealth
 - Level 2.1 Spellcasting
 - Level 1.4 Transmutations
 - Level 3.1 Earth Magic


You had 10 spell levels left.
You knew the following spells:

 Your Spells              Type           Power      Damage    Failure   Level
a - Sandblast             Erth           22%        2d7       30%         1

Your spell library contained the following spells:

 Spells                   Type           Power      Damage    Failure   Level
 Passwall                 Tmut/Erth      6%         N/A       54%         2
 Summon Small Mammal      Summ           4%         N/A       73%         1
 Cigotuvi's Dreadful Rot  Necr/Pois/Air  2%         N/A       86%         2
 Static Discharge         Conj/Air       2%         2-3/arc   86%         2
 Stone Arrow              Conj/Erth      12%        3d7       86%         3
 Call Canine Familiar     Summ           1%         N/A       97%         3
 Summon Guardian Golem    Hex/Summ       1%         N/A       97%         3
 Petrify                  Tmut/Erth      8%         N/A       99%         4
 Dispel Undead            Necr           1%         3d6       100%        4
 Sticky Flame             Conj/Fire      1%         2d3       100%        4
 Death Channel            Necr           0%         N/A       100%        6


Dungeon Overview and Level Annotations

Branches:
Dungeon (10/15)            Temple (1/1) D:4
   Lair: D:8-11         Orc: D:9-12

Altars:
Ashenzari
Cheibriados
Dithmenos
Elyvilon
Fedhas
Gozag
Hepliaklqana
Kikubaaqudgha
Makhleb
Nemelex Xobeh
Okawaru
Qazlal
Ru
Sif Muna
Trog
Uskayaw
Vehumet
Wu Jian
Xom
Yredelemnul
Zin
The Shining One

Shops:
D:2 [   D:6 !

Annotations:
D:2 1 runed translucent door, Crazy Yiuf
D:5 Pikel
D:8 Gastronok
D:9 Grum


Innate Abilities, Weirdness & Mutations

Your serpentine skin is tough. (AC +2)
You have supernaturally acute eyesight. (SInv)
Armour fits poorly on your strangely shaped body.
Your system is resistant to poisons. (rPois)
You cover ground very slowly.
You can spit poison.
You have a snake-like lower body.


Message History

The vampire mosquito bites you!
The vampire mosquito draws strength from your injuries!
The vampire mosquito bites you but does no damage.
The vampire mosquito barely misses you. The vampire mosquito bites you!
The vampire mosquito draws strength from your injuries!
You completely miss the vampire mosquito.
The vampire mosquito is almost destroyed.
The vampire mosquito bites you but does no damage.
The vampire mosquito bites you.
The vampire mosquito draws strength from your injuries!
The vampire mosquito bites you!
The vampire mosquito draws strength from your injuries!
The vampire mosquito bites you.
The vampire mosquito draws strength from your injuries!
You barely miss the vampire mosquito. Your punch misses the vampire mosquito.
The vampire mosquito is severely damaged.
The vampire mosquito bites you but does no damage.
The vampire mosquito bites you.
* * * LOW HITPOINT WARNING * * *
The vampire mosquito draws strength from your injuries!
The vampire mosquito bites you.
* * * LOW HITPOINT WARNING * * *
The vampire mosquito draws strength from your injuries!
The vampire mosquito bites you.
* * * LOW HITPOINT WARNING * * *
The vampire mosquito draws strength from your injuries!
The vampire mosquito bites you!
* * * LOW HITPOINT WARNING * * *
The vampire mosquito draws strength from your injuries!
You barely miss the vampire mosquito.
The vampire mosquito is severely damaged.
The vampire mosquito bites you.
* * * LOW HITPOINT WARNING * * *
The vampire mosquito draws strength from your injuries!
The vampire mosquito bites you but does no damage.
The vampire mosquito bites you!
* * * LOW HITPOINT WARNING * * *
The vampire mosquito draws strength from your injuries!
The vampire mosquito bites you!
You die...

..####.........
...............
..###...######.
#...# #...#
#...# #...#
#...# #.@.#


#yyy# #...# #>..# #...# #...# #...# #...# #...# You could see 3 vampire
mosquitoes.

Vanquished Creatures
  A wyvern (D:5)
  Menkaure (D:7)
  2 orc warriors
  A sky beast (D:7)
  A black bear (D:7)
  2 lemures
  2 centaurs
  A phantom (D:7)
  A bullfrog (D:8)
  2 orc priests (D:8)
  3 hounds
  2 iguanas (D:5)
  A gnoll bouda (D:6)
  3 orc wizards
  A mummy (D:7)
  5 gnolls (D:6)
  9 adders
  3 white imps
  An ufetubus (D:5)
  A worm (D:4)
  2 dart slugs (D:3)
  11 orcs
  6 ball pythons
  8 endoplasms
  2 giant cockroaches
  6 goblins
  6 hobgoblins
  3 jackals (D:3)
  7 quokkas
  3 bats
  3 frilled lizards
  3 hobgoblin zombies (D:7)
  8 kobolds
  A kobold zombie (D:7)
  A rat (D:2)
113 creatures vanquished.

Vanquished Creatures (collateral kills)
  An orc wizard (D:2)
1 creature vanquished.

Vanquished Creatures (others)
  A plant (D:5)
1 creature vanquished.

Grand Total: 115 creatures vanquished

Notes
Turn   | Place    | Note
-------+----------+-------------------------------------------
     0 | D:1      | KennySheep the Naga Earth Elementalist began the quest for
                  | the Orb.
     0 | D:1      | Reached XP level 1. HP: 15/15 MP: 3/3
   254 | D:1      | Reached XP level 2. HP: 22/22 MP: 3/5
   955 | D:1      | Found a faded altar of an unknown god.
   962 | D:1      | Prayed at the altar of an unknown god.
   962 | D:1      | Became a worshipper of Trog the Wrathful
   962 | D:1      | Reached * piety under Trog
  1216 | D:2      | Reached XP level 3. HP: 14/30 MP: 6/6
  2024 | D:2      | Found a runed translucent door.
  2025 | D:2      | Noticed Crazy Yiuf
  2043 | D:2      | Identified the +2 helmet "Rolukah" {rF+ rN+ Int+3}
  2065 | D:2      | Found Cotuquisi's Armour Shop.
  2475 | D:3      | Reached skill level 1 in Fighting
  2476 | D:3      | Reached skill level 4 in Stealth
  2558 | D:3      | Reached XP level 4. HP: 38/38 MP: 7/7
  2740 | D:2      | Reached skill level 1 in Armour
  3101 | D:4      | Reached XP level 5. HP: 44/44 MP: 8/8
  3233 | D:4      | Reached skill level 5 in Stealth
  3389 | D:4      | Found a staircase to the Ecumenical Temple.
  3394 | D:4      | Reached ** piety under Trog
  3423 | Temple   | Entered the Ecumenical Temple
  4266 | D:4      | Found an opulent altar of Gozag.
  4349 | D:5      | Entered Level 5 of the Dungeon
  4410 | D:2      | Bought a +4 scale mail of cold resistance for 310 gold
                  | pieces
  4538 | D:5      | Found a bloodstained altar of Trog.
  4605 | D:5      | Found a radiant altar of Vehumet.
  4625 | D:5      | Reached XP level 6. HP: 52/52 MP: 9/9
  4654 | D:5      | Reached skill level 1 in Short Blades
  4654 | D:5      | Reached skill level 1 in Throwing
  4727 | D:5      | Noticed a wyvern
  4758 | D:5      | Killed a wyvern
  4759 | D:5      | Reached skill level 6 in Stealth
  4863 | D:5      | Noticed Pikel
  5011 | D:5      | Reached XP level 7. HP: 34/61 MP: 10/10
  5332 | D:6      | Found a hide-covered altar of Uskayaw.
  5522 | D:6      | HP: 3/61 [gnoll/+0 halberd[a gnoll bouda] (12)]
  5574 | D:6      | Reached skill level 7 in Stealth
  5853 | D:6      | Found Puockakh's Distillery.
  6210 | D:7      | Noticed Menkaure
  6217 | D:7      | Killed Menkaure
  6218 | D:7      | Reached skill level 1 in Long Blades
  6366 | D:7      | Reached skill level 8 in Stealth
  6366 | D:7      | Reached XP level 8. HP: 64/69 MP: 11/11
  7237 | D:8      | Reached skill level 9 in Stealth
  7600 | D:8      | Noticed Gastronok
  7705 | D:10     | Entered Level 10 of the Dungeon
  7748 | D:9      | Noticed Grum
  7804 | D:9      | Slain by a vampire mosquito

Illustrated notes

Levels and vault maps discovered:
D:1:      lightli_arrival_statuegarden, layout_loops_corners,
          dreamdust_ecumenical_altar_hidden_monk_grotto
D:2:      layout_basic, serial_shops, shop, uniq_crazy_yiuf_cottage
D:3:      layout_rooms, serial_glass, glass_columns_a, glass_columns_c,
          glass_columns_a, glass_columns_a, glass_columns_a, glass_columns_a,
          glass_columns_c, glass_columns_a, due_unseen_surprise
D:4:      layout_loops_ring, grunt_gozag_breadcrumbs,
          minmay_temple_entry_large_hall
D:5:      layout_basic, hangedman_feature_mirror, serial_bayou_pond_d,
          uniq_pikel
D:6:      layout_gridville, mainiacjoe_overflow_24_doors, serial_shops,
          nicolae_square_shop
D:7:      layout_loops_ring, minmay_mini_ossuary, uniq_menkaure
D:8:      layout_cave_pools, chequers_arboretum, reono_crystal_passage,
          uniq_gastronok
D:9:      layout_long_grid, minivault_21, minmay_holes, uniq_grum, uniq_maggie
D:10:     layout_stronghold
Temple:   mainiacjoe_temple_big_plus

Skill      XL: |  1  2  3  4  5  6  7  8 |
---------------+-------------------------+-----
Fighting       | 1 2 3 |  3.6
Stealth        | 4 5 6 8 9 |  9.2
Dodging        | 2 3 |  3.5
Armour         | 1 2 3 |  3.1
Short Blades   | 1 2 |  2.0
Throwing       | 1 2 |  2.8
Long Blades    | 2 3 |  3.6
Spellcasting   | |  2.1
Transmutations | |  1.4
Earth Magic    | |  3.1

Action                   |  1- 3 |  4- 6 |  7- 9 || total
-------------------------+-------+-------+-------++-------
Melee: Whip              |    20 |       |       ||    20
       Short sword       |    48 |   298 |    76 ||   422
       Punch             |       |     3 |     4 ||     7
       Long sword        |       |       |   172 ||   172
 Cast: Sandblast         |    20 |       |       ||    20
Invok: Berserk           |     2 |     4 |     7 ||    13
 Abil: Spit Poison       |       |    14 |     2 ||    16
  Use: Scroll            |     1 |     5 |    10 ||    16
       Potion            |       |     2 |     2 ||     4
 Stab: Sleeping          |     4 |     5 |     2 ||    11
Armor: Robe              |     6 |       |       ||     6
       Ring mail         |    22 |    83 |       ||   105
       Scale mail        |       |    56 |   213 ||   269
Dodge: Dodged            |    37 |   107 |   129 ||   273

Table legend: (Time is in decaauts)
 A = Elapsed time spent in this place.
 B = Non-inter-level travel time spent in this place.
 C = Inter-level travel time spent in this place.
 D = Time resting spent in this place.
 E = Time spent auto-exploring this place.
 F = Levels seen in this place.
 G = Mean time per level.
                   A        B        C        D        E       F      G
               +--------+--------+--------+--------+--------+-----+--------+
         Total |  10075 |   8982 |   1093 |   1108 |   6087 |  11 |  915.9 |
       Dungeon |   9501 |   8443 |   1058 |   1108 |   5557 |  10 |  950.1 |
        Temple |    574 |    539 |     35 |      0 |    530 |   1 |  574.0 |
               +--------+--------+--------+--------+--------+-----+--------+

Top non-repeatable levels by time:
     D:2: 1851 daAuts
     D:7: 1681 daAuts
     D:1: 1449 daAuts
     D:4: 1309 daAuts
     D:6: 1124 daAuts
     D:5: 967 daAuts
     D:3: 720 daAuts
  Temple: 574 daAuts
     D:8: 245 daAuts
     D:9: 148 daAuts
    D:10: 4 daAuts
